 Dungeon Crawl Stone Soup version 0.23.2-40-g277498a001 (webtiles) character file.

Game seed: 8744642262265691188

135 Ishchenko the Shield-Bearer (level 5, -1/46 HPs)
             Began as a Hill Orc Fighter on Sept 24, 2019.
             Slain by an orc (2 damage)
             ... on level 3 of the Dungeon.
             The game lasted 00:08:19 (2231 turns).

Ishchenko the Shield-Bearer (Hill Orc Fighter)      Turns: 2231, Time: 00:08:19

Health: -1/46      AC:  3    Str: 17 (20) XL:     5   Next: 18%
Magic:  5/5        EV:  9    Int:  7 (8)  God:
Gold:   144        SH:  0    Dex:  9 (10) Spells: 4/4 levels left

rFire    . . .     SeeInvis .   m - +0 battleaxe
rCold    . . .     Gourm    .   (shield currently unavailable)
rNeg     . . .     Faith    .   b - +0 scale mail
rPois    .         Spirit   .   (no helmet)
rElec    .         Reflect  .   (no cloak)
rCorr    .         Harm     .   (no gloves)
MR       .....                  (no boots)
Stlth    ..........             e - amulet of inaccuracy (curse)
HPRegen  0.15/turn              (no ring)
MPRegen  0.09/turn              (no ring)

@: corroded
A: no striking features
a: Convert to Beogh


You were on level 3 of the Dungeon.
You were not hungry.

You visited 1 branch of the dungeon, and saw 3 of its levels.

You collected 144 gold pieces.

Inventory:

Hand Weapons
 a - a +1 war axe
 m - a +0 battleaxe (weapon)
Armour
 b - a +0 scale mail (worn)
 c - a +0 shield
Jewellery
 e - a cursed amulet of inaccuracy (around neck)
 j - an uncursed amulet of the acrobat
Scrolls
 h - a scroll of fear
 k - a scroll of identify
Potions
 d - 2 potions of might
 i - a potion of brilliance {unknown}
 l - a potion of degeneration
 n - 2 potions of heal wounds {unknown}
Comestibles
 f - 2 rations


   Skills:
 + Level 4.2 Fighting
 + Level 4.0 Axes
 + Level 3.9 Armour
 + Level 1.0 Dodging
 + Level 4.5 Shields


You had 4 spell levels left.
You didn't know any spells.
Your spell library contained the following spells:

 Spells                   Type           Power        Failure   Level  Hunger
 Magic Dart               Conj           #...         83%         1    ##.....
 Blink                    Tloc           N/A          92%         2    ###....
 Call Imp                 Summ           #.......     92%         2    ###....
 Slow                     Hex            #.......     92%         2    ###....
 Conjure Flame            Conj/Fire      #.......     99%         3    ####...
 Mephitic Cloud           Conj/Pois/Air  #.......     99%         3    ####...


Dungeon Overview and Level Annotations

Branches:
Dungeon (3/15)

Altars:
Cheibriados

Annotations:
D:3 Ijyb, Sigmund


Message History

You miss the orc priest. You closely miss the orc. You slash the orc!
You kill the orc!
The orc priest shouts, "Surrender to Beogh and we'll let you live!"
The orc hits you with a +0 trident.
The orc priest calls down the wrath of Beogh upon you.
Pain shoots through your body! The orc closely misses you.
The orc priest begins to cast a cantrip, but forgets the words!
The orc barely misses you.
Ijyb zaps a wand.
The bolt of acid hits the orc!
The orc is splashed with acid.
The acid corrodes the orc!
The orc dies!
The bolt of acid hits you! The acid corrodes you!
You are splashed with acid!
* * * LOW HITPOINT WARNING * * *
The orc hits you but does no damage.
Unknown command.
Unknown command.
It was a potion of degeneration.
There was something very wrong with that liquid.
You feel weakened.
You feel dopey.
You feel clumsy. The orc priest misses you. The orc hits you.
You die...

# # .#
#.#.#####.##
#.....oo...#
#..gY@)..#
######...#
####


You could see an ice beast, Ijyb, an orc priest and an orc.

Vanquished Creatures
  Jessica (D:2)
  2 adders (D:2)
  An ooze (D:1)
  4 dart slugs
  An orc (D:3)
  2 ball pythons
  A giant cockroach (D:2)
  7 goblins
  5 hobgoblins
  19 jackals
  2 quokkas (D:2)
  8 bats
  3 frilled lizards
  3 kobolds
  11 rats
70 creatures vanquished.

Vanquished Creatures (others)
  An orc (D:3)
1 creature vanquished.

Grand Total: 71 creatures vanquished

Notes
Turn   | Place    | Note
-------+----------+-------------------------------------------
     0 | D:1      | Ishchenko the Hill Orc Fighter began the quest for the Orb.
     0 | D:1      | Reached XP level 1. HP: 19/19 MP: 1/1
   115 | D:1      | Reached XP level 2. HP: 27/27 MP: 2/2
   317 | D:1      | Reached XP level 3. HP: 21/33 MP: 3/3
  1017 | D:2      | Reached XP level 4. HP: 24/40 MP: 4/4
  1192 | D:2      | Noticed Jessica
  1197 | D:2      | Killed Jessica
  1230 | D:2      | Found a snail-covered altar of Cheibriados.
  1780 | D:2      | Reached XP level 5. HP: 27/46 MP: 5/5
  2062 | D:2      | Reached skill level 1 in Dodging
  2209 | D:3      | Noticed Sigmund
  2225 | D:3      | Noticed Ijyb
  2228 | D:3      | Noticed an ice beast
  2230 | D:3      | HP: 1/46 [acid (13)]
  2231 | D:3      | Slain by an orc

Skill      XL: |  1  2  3  4  5 |
---------------+----------------+-----
Fighting       | 4 |  4.2
Axes           | 3 4 |  4.0
Shields        | 4 |  4.5
Dodging        | 1 |  1.0
Armour         | |  3.9

Action                   |  1- 3 |  4- 6 || total
-------------------------+-------+-------++-------
Melee: War axe           |   174 |    92 ||   266
       Battleaxe         |       |   100 ||   100
  Use: Scroll            |     5 |     4 ||     9
       Potion            |       |     1 ||     1
  Eat: Chunk             |     1 |     4 ||     5
Armor: Scale mail        |   124 |   161 ||   285
Dodge: Dodged            |    77 |   137 ||   214
Block: Shield            |   144 |    57 ||   201
